 Dungeon Crawl Stone Soup version 0.29.1-1-gd02db6906a (webtiles) character file.

Game seed: 3987035426524446191

19318 Ijustatesigmund the Warrior (level 12, -2/88 HPs)
             Began as a Gargoyle Fighter on Sept 16, 2022.
             Was a High Priest of Cheibriados.
             Slain by an orc warrior
             ... wielding a +0 glaive
              (13 damage)
             ... on level 11 of the Dungeon.
             The game lasted 00:24:35 (14990 turns).

Ijustatesigmund the Warrior (Gargoyle Fighter)     Turns: 14990, Time: 00:24:36

Health: -2/88      AC: 26    Str: 33    XL:     12   Next: 67%
Magic:  17/17      EV: 11    Int: 27    God:    Cheibriados [*****.]
Gold:   425        SH:  8    Dex: 28    Spells: 11/11 levels left

rFire   . . .      SeeInvis +   u - +9 flail (elec)
rCold   + . .      Faith    .   c - +1 buckler
rNeg    + . .      Spirit   .   b - +1 chain mail {rC+}
rPois   ∞          Reflect  .   q - +1 helmet
rElec   +          Harm     .   C - +1 cloak
rCorr   .          Rampage  .   w - +0 pair of gloves
Will    .....                   (no boots)
Stlth   ..........              (no amulet)
HPRegen 0.24/turn               z - +6 ring of dexterity
MPRegen 0.15/turn               s - ring of see invisible

@: studying 2 skills, very slow
A: sickness immunity, AC +8, negative energy resistance 1, electricity
resistance, torment resistance 1, petrification resistance
a: Renounce Religion, Bend Time, Temporal Distortion, Slouch, Step From Time


You were on level 11 of the Dungeon.
You worshipped Cheibriados.
Cheibriados was extremely pleased with you.
You visited 2 branches of the dungeon, and saw 12 of its levels.

You collected 586 gold pieces.
You spent 161 gold pieces at shops.

Inventory:

Hand Weapons
 a - a +0 vorpal morningstar
 e - a +3 whip
 u - a +9 flail of electrocution (weapon)
Missiles
 t - 2 throwing nets (quivered)
 D - a curare-tipped dart
Armour
 b - a +1 chain mail of cold resistance (worn)
 c - a +1 buckler (worn)
 q - a +1 helmet (worn)
 w - a +0 pair of gloves (worn)
 x - a scarf of invisibility
 C - a +1 cloak (worn)
Jewellery
 d - a ring of ice
 j - an amulet of magic regeneration
 s - a ring of see invisible (right hand)
 v - a +4 ring of evasion
 z - a +6 ring of dexterity (left hand)
 B - a ring of protection from fire
Wands
 n - a wand of flame (37)
 o - a wand of mindburst (10)
 r - a wand of iceblast (9)
 y - a wand of charming (2)
Scrolls
 g - 3 scrolls of immolation
 m - 2 scrolls of amnesia
 F - a scroll of identify
Potions
 f - 2 potions of flight
 h - 4 potions of cancellation
 i - a potion of curing
 k - 3 potions of lignification
 l - 3 potions of attraction


   Skills:
 + Level 15.5 Fighting
 - Level 12.0 Maces & Flails
 - Level 8.0 Armour
 - Level 3.1 Dodging
 - Level 5.3 Shields
 - Level 7.4 Invocations
 - Level 4.0 Evocations


You had 11 spell levels left.
You didn't know any spells.
Your spell library contained the following spells:

 Spells                   Type           Power      Damage    Failure   Level
 Conjure Flame            Conj/Fire      0%         6-21      86%         3
 Gell's Gravitas          Tloc           0%         N/A       86%         3
 Ignite Poison            Fire/Tmut/Pois 0%         N/A       86%         3
 Mephitic Cloud           Conj/Pois/Air  0%         N/A       86%         3
 Teleport Other           Tloc           0%         N/A       86%         3
 Hailstorm                Conj/Ice       0%         3d3       99%         4
 Ice Form                 Ice/Tmut       0%         N/A       99%         4
 Sticky Flame             Conj/Fire      0%         2d3       99%         4
 Freezing Cloud           Conj/Ice/Air   0%         6-21      100%        5
 Iskenderun's Battlesphe  Conj           0%         2d6       100%        5
 Dispersal                Tloc           0%         N/A       100%        6
 Iron Shot                Conj/Erth      0%         9d1       100%        6
 Simulacrum               Ice/Necr       0%         N/A       100%        6
 Spellforged Servitor     Conj/Summ      0%         N/A       100%        7


Dungeon Overview and Level Annotations

Branches:
Dungeon (11/15)            Temple (1/1) D:5            Lair (0/5) D:9
    Orc: D:9-12

Altars:
Ashenzari
Cheibriados
Dithmenos
Elyvilon
Fedhas
Gozag
Hepliaklqana
Kikubaaqudgha
Makhleb
Nemelex Xobeh
Okawaru
Qazlal
Ru
Sif Muna
Trog
Uskayaw
Vehumet
Wu Jian
Xom
Yredelemnul
Zin
The Shining One

Shops:
D:3 (

Annotations:
D:3 1 runed translucent door, dvd2's ghost, amateur PaFi
D:10 4 runed translucent doors


Innate Abilities, Weirdness & Mutations

You are immune to sickness and miasma.
Your stone body is resilient. (AC +8)
You are immune to poison.
You resist negative energy. (rN+)
You are resistant to electric shocks. (rElec)
You are resistant to unholy torment.
You are immune to petrification.


Message History

Cheibriados appreciates the change of pace.
You block the orc warrior's attack.
You swing at nothing.
You block the orc warrior's attack.
You swing at nothing.
You swing at nothing.
The orc warrior completely misses you.
You swing at nothing.
The orc warrior hits you from afar with a +0 glaive.
You swing at nothing.
The orc warrior hits you from afar with a +0 glaive.
You swing at nothing.
You block the orc warrior's attack.
You swing at nothing.
The orc warrior hits you from afar with a +0 glaive!
* * * LOW HITPOINT WARNING * * *
You swing at nothing.
You swing at nothing.
The orc warrior hits you from afar with a +0 glaive.
* * * LOW HITPOINT WARNING * * *
You swing at nothing.
The orc warrior hits you but does no damage.
You swing at nothing.
The orc warrior hits you but does no damage.
You swing at nothing.
The orc warrior misses you.
You swing at nothing.
The orc warrior barely misses you.
You swing at nothing.
The orc warrior hits you from afar with a +0 glaive.
* * * LOW HITPOINT WARNING * * *
You swing at nothing.
You swing at nothing.
The orc warrior closely misses you.
You swing at nothing.
The orc warrior barely misses you.
Okay, then.
You feel better. You block the orc warrior's attack.
The orc warrior hits you with a +0 glaive.
* * * LOW HITPOINT WARNING * * *
The orc warrior hits you with a +0 glaive!
* * * LOW HITPOINT WARNING * * *
Items here: ))))))) [[[[[ ††††††.
You thump the orc warrior!
The orc warrior is heavily wounded.
The orc warrior hits you with a +0 glaive!
You die...

#.#..##....#.......
#...###....'.......
# #...#
#....#.......
#.#.###
#....#.......
##.##).#
######...###+
#.....#.## ....#
..#.#.##..# .....#
##.#)## .....#
#o@## .....#
........$#
#..###.##.# . #. ##
.# .# #


You could see an orc warrior.

Vanquished Creatures
  2 fire dragons
  Fannar (D:11)
  3 two-headed ogres (D:10)
  A wolf spider zombie (D:7)
  Pikel (D:6)
  Maurice (D:9)
  3 centaur zombies (D:7)
  Joseph (D:9)
  A kobold demonologist (D:10)
  A centaur skeleton (D:7)
  Maggie (D:9)
  An unseen horror (D:10)
  A yaktaur (D:10)
  2 hellwings (D:7)
  3 trolls (D:10)
  A harpy zombie (D:7)
  3 hornets
  A meliai zombie (D:7)
  Eustachio (D:6)
  3 wyverns
  A vampire (D:10)
  3 wraiths (D:10)
  A shadow (D:10)
  The ghost of decrepitue the Sneak, an amateur SpEn (D:4)
  21 yaks
  An unseen horror simulacrum (D:10)
  2 vampire mosquitoes (D:10)
  A steam dragon (D:7)
  Edmund (D:6)
  Duvessa (D:7)
  4 acid dragons
  2 water moccasins
  7 orc warriors
  A sky beast (D:7)
  An ogre (D:11)
  5 centaurs
  3 lemures (D:6)
  A phantom (D:5)
  3 kobold brigands
  3 bullfrogs
  A gnoll sergeant (D:7)
  A necrophage (D:6)
  2 scorpions
  5 wights (D:8)
  Dowan (D:7)
  6 killer bees (D:10)
  5 howler monkeys
  4 jellies
  6 orc priests
  6 hounds
  An iguana (D:6)
  8 orc wizards
  12 gnolls
  5 adders
  5 shadow imps
  2 white imps
  3 dart slugs (D:1)
  30 orcs
  9 endoplasms
  4 giant cockroaches
  8 goblins
  5 hobgoblins
  5 quokkas
  5 ball pythons
  2 bats
  2 frilled lizards (D:3)
  18 kobolds
  9 rats
265 creatures vanquished.

Vanquished Creatures (collateral kills)
  A water moccasin (D:5)
  Blork the orc (D:5)
  A necrophage (D:4)
3 creatures vanquished.

Vanquished Creatures (others)
  3 fungi
  14 plants
  15 withered plants (D:7)
32 creatures vanquished.

Grand Total: 300 creatures vanquished

Notes
Turn   | Place    | Note
-------+----------+-------------------------------------------
     0 | D:1      | Ijustatesigmund the Gargoyle Fighter began the quest for
                  | the Orb.
     0 | D:1      | Reached XP level 1. HP: 14/14 MP: 1/1
    53 | D:2      | Reached XP level 2. HP: 6/20 MP: 2/2
   521 | D:1      | Found a faded altar of an unknown god.
   531 | D:1      | Reached XP level 3. HP: 17/24 MP: 3/3
   671 | D:1      | Reached skill level 4 in Fighting
  1905 | D:3      | Found Radgh's Antique Weapon Boutique.
  1958 | D:3      | Reached XP level 4. HP: 22/30 MP: 4/4
  2040 | D:3      | Found a runed translucent door.
  2040 | D:3      | Noticed dvd2's ghost (amateur PaFi)
  3074 | D:4      | Reached XP level 5. HP: 34/34 MP: 5/5
  3233 | D:4      | Reached skill level 5 in Fighting
  3534 | D:4      | Found a shimmering blue altar of Sif Muna.
  3535 | D:4      | Found a shimmering altar of Xom.
  3540 | D:4      | Reached XP level 6. HP: 40/40 MP: 6/6
  3555 | D:4      | Found a runed translucent gate.
  3555 | D:4      | Noticed decrepitue's ghost (amateur SpEn)
  3556 | D:4      | Found a runed translucent gate.
  3557 | D:4      | Found a runed translucent gate.
  3769 | D:4      | Found a faded altar of an unknown god.
  3771 | D:4      | Found a faded altar of an unknown god.
  3771 | D:4      | Found a hazy altar of Hepliaklqana.
  3843 | D:3      | Bought a masterwork war axe for 161 gold pieces
  3843 | D:3      | Identified the +3 war axe "Keylee" {drain, rN+ Dex+6} (You
                  | bought it in a shop on level 3 of the Dungeon)
  4151 | D:5      | Entered Level 5 of the Dungeon
  4151 | D:5      | Noticed Blork the orc
  4151 | D:5      | Noticed a water moccasin
  4151 | D:5      | Noticed a water moccasin
  4159 | D:5      | Killed Blork the orc
  4162 | D:5      | Killed a water moccasin
  4163 | D:5      | Reached skill level 6 in Fighting
  4168 | D:5      | Killed a water moccasin
  4169 | D:5      | Reached skill level 5 in Maces & Flails
  4169 | D:5      | Reached XP level 7. HP: 32/46 MP: 7/7
  4261 | D:5      | Found an opulent altar of Gozag.
  4323 | D:5      | Found a staircase to the Ecumenical Temple.
  4332 | Temple   | Entered the Ecumenical Temple
  4380 | Temple   | Became a worshipper of Cheibriados the Contemplative
  4573 | D:5      | Reached skill level 1 in Evocations
  5182 | D:6      | Reached skill level 5 in Armour
  5182 | D:6      | Reached XP level 8. HP: 49/52 MP: 8/8
  5305 | D:6      | Noticed Eustachio
  5327 | D:6      | Killed Eustachio
  5328 | D:6      | Reached skill level 7 in Fighting
  5791 | D:6      | Noticed Pikel
  5797 | D:6      | Noticed Edmund
  5802 | D:6      | Killed Pikel
  5802 | D:6      | Reached * piety under Cheibriados
  5803 | D:6      | Reached XP level 9. HP: 27/58 MP: 9/9
  5815 | D:6      | Killed Edmund
  6203 | D:6      | Found an ancient bone altar of Kikubaaqudgha.
  6346 | D:6      | Reached skill level 8 in Fighting
  6979 | D:7      | Reached skill level 1 in Invocations
  7047 | D:7      | Noticed a hellwing
  7062 | D:7      | Killed a hellwing
  7245 | D:7      | Reached ** piety under Cheibriados
  7391 | D:7      | Reached skill level 9 in Fighting
  7391 | D:7      | Reached skill level 5 in Shields
  7391 | D:7      | Reached XP level 10. HP: 43/66 MP: 12/12
  7621 | D:7      | Reached skill level 1 in Dodging
  7977 | D:7      | Reached skill level 5 in Invocations
  8245 | D:7      | Noticed Duvessa
  8253 | D:7      | Noticed Dowan
  8255 | D:7      | Killed Duvessa
  8256 | D:7      | Killed Dowan
  8709 | D:8      | Reached *** piety under Cheibriados
  8753 | D:8      | Reached skill level 10 in Fighting
  9251 | D:8      | Reached XP level 11. HP: 53/72 MP: 15/15
 10264 | D:9      | Reached **** piety under Cheibriados
 10269 | D:9      | Reached skill level 10 in Maces & Flails
 10326 | D:9      | Noticed a fire dragon
 10340 | D:9      | Killed a fire dragon
 10619 | D:9      | Found a staircase to the Lair.
 10786 | D:9      | Found a burning altar of Makhleb.
 10960 | D:9      | Noticed Maggie
 10967 | D:9      | Killed Maggie
 11220 | D:9      | Noticed Maurice
 11230 | D:9      | Killed Maurice
 11265 | D:9      | Noticed Joseph
 11276 | D:9      | Killed Joseph
 11499 | D:10     | Entered Level 10 of the Dungeon
 11514 | D:10     | Found a broken altar of Ashenzari.
 11531 | D:10     | Noticed a two-headed ogre
 11543 | D:10     | Killed a two-headed ogre
 11700 | D:10     | Reached ***** piety under Cheibriados
 11865 | D:10     | Reached XP level 12. HP: 53/79 MP: 17/17
 12046 | D:10     | Found a large runed translucent door.
 12047 | D:10     | Found a large runed translucent door.
 12053 | D:10     | Found a large runed translucent door.
 12053 | D:10     | Found a large runed translucent door.
 12054 | D:10     | Noticed an ogre mage
 12218 | D:10     | Found an iron altar of Okawaru.
 12252 | D:10     | Reached skill level 11 in Fighting
 12433 | D:10     | Found a sacrificial altar of Ru.
 12599 | D:10     | Identified a scroll of acquirement
 12599 | D:10     | Acquired a manual of Fighting
 12648 | D:10     | Noticed a fire dragon
 12649 | D:10     | Noticed a death knight
 13025 | D:10     | Killed a fire dragon
 13343 | D:10     | Reached skill level 12 in Fighting
 13425 | D:10     | Noticed a two-headed ogre
 13427 | D:10     | Noticed a boulder beetle
 13432 | D:10     | Killed a two-headed ogre
 13460 | D:10     | Noticed a two-headed ogre
 13462 | D:10     | Reached skill level 13 in Fighting
 13466 | D:10     | Killed a two-headed ogre
 13480 | D:10     | HP: 1/84 [yaktaur/bolt (19)]
 13483 | D:10     | Reached skill level 14 in Fighting
 14646 | D:4      | Killed decrepitue's ghost
 14855 | D:11     | Noticed Fannar
 14865 | D:11     | Killed Fannar
 14866 | D:11     | Reached skill level 15 in Fighting
 14990 | D:11     | Slain by an orc warrior

Illustrated notes

Levels and vault maps discovered:
D:1:      dpeg_arrival_rooms_with_view, layout_rooms,
          hellmonk_ecumenical_altar_blasted, chequers_mini_garden
D:2:      layout_basic, st_stairs_12
D:3:      layout_basic, serial_shops, nicolae_shop_crystal,
          gammafunk_ghost_grave, dk_vineyard_3
D:4:      layout_loops_corners, chequers_temple_overflow_statue_of_worship,
          nicolae_hepliaklqana_ecumenical_no_more,
          gammafunk_ghost_nasty_kobolds, chequers_serial_rivers_marsh
D:5:      layout_rooms, mainiacjoe_overflow_chevrons, temple_statues,
          minmay_misc_feat_secret_circle, uniq_blork_the_orc
D:6:      layout_loops_ring, lemuel_coloured_pillars_altar, uniq_pikel,
          uniq_eustachio, uniq_edmund
D:7:      cheibrodos_grave_circle, layout_loops_ring, uniq_duvessa
D:8:      layout_basic
D:9:      layout_irregular_city, bloody_makhleb, minmay_lair_entry_lava,
          uniq_maurice, uniq_joseph, uniq_maggie
D:10:     nzn_winding_woodlands_three_and_one
          [nzn_winding_woodlands_5x15_sidewinder,
          nzn_winding_woodlands_5x15_eye, nzn_winding_woodlands_5x15_garden,
          nzn_winding_woodlands_center_lodge], layout_stronghold,
          mainiacjoe_overflow_concentric_impassable,
          nicolae_ru_the_path_less_chosen, lemuel_doored_altar,
          minmay_hollow_rounded_squares
D:11:     layout_grid_maze, erik_orc_3, nicolae_elemental_shop, uniq_fannar,
          uniq_gastronok, uniq_grum
Temple:   nicolae_temple_god_jail

Skill      XL: |  1  2  3  4  5  6  7  8  9 10 11 12 |
---------------+-------------------------------------+-----
Fighting       | 4 5 6 7 9 10 15 | 15.5
Maces & Flails | 3 4 5 6 7 9 11 12 | 12.0
Armour         | 4 5 6 7 8 |  8.0
Evocations     | 1 3 4 |  4.0
Invocations    | 3 6 7 |  7.4
Shields        | 5 |  5.3
Dodging        | 3 |  3.1

Action                   |  1- 3 |  4- 6 |  7- 9 | 10-12 || total
-------------------------+-------+-------+-------+-------++-------
Melee: Flail             |    45 |       |    99 |   461 ||   605
       Whip              |    54 |    84 |       |       ||   138
       Morningstar       |       |    44 |   129 |       ||   173
Throw: Throwing net      |       |     1 |       |       ||     1
Evoke: Wand              |       |     2 |     9 |     4 ||    15
  Use: Scroll            |     1 |    13 |     5 |    12 ||    31
       Potion            |       |       |     6 |     8 ||    14
 Stab: Betrayed ally     |       |     1 |       |       ||     1
       Invisible         |       |       |       |     5 ||     5
Armor: Scale mail        |    50 |    45 |       |       ||    95
       Chain mail        |       |    11 |   202 |   298 ||   511
       Skin              |       |       |     1 |       ||     1
Dodge: Dodged            |    36 |    41 |    92 |   220 ||   389
Block: Buckler           |    19 |    21 |    82 |   211 ||   333
